 Dungeon Crawl Stone Soup version 0.21-a0-584-g185da8e (webtiles) character file.

3 teukkam the Magician (level 1, -1/20 HPs)
             Began as a Gnoll Wanderer on Dec 21, 2017.
             Slain by a leopard gecko (5 damage)
             ... on level 1 of the Dungeon.
             The game lasted 00:01:02 (66 turns).

teukkam the Magician (Gnoll Wanderer)                 Turns: 66, Time: 00:01:03

Health: -1/20      AC:  2    Str: 13    XL:     1   Next: 50%
Magic:  6/6        EV: 13    Int: 15    God:
Gold:   0          SH:  0    Dex: 14    Spells: 9/9 levels left

rFire    . . .     SeeInvis .   d - +0 dagger
rCold    . . .     Gourm    .   (no shield)
rNeg     . . .     Faith    .   c - +0 robe
rPois    .         Spirit   .   (no helmet)
rElec    .         Reflect  .   (no cloak)
rCorr    .         Harm     .   (no gloves)
MR       .....                  (no boots)
Stlth    ++........             (no amulet)
HPRegen  0.06/turn              (no ring)
MPRegen  0.10/turn              (no ring)

@: no status effects
A: distributed training, fangs 1, strong nose
a: no special abilities


You were on level 1 of the Dungeon.
You were not hungry.

You visited 1 branch of the dungeon, and saw 1 of its levels.

Inventory:

Hand Weapons
 d - a +0 dagger (weapon)
Armour
 c - a +0 robe (worn)
Scrolls
 b - a scroll of teleportation
Books
 a - a book of Minor Magic

   Spells                             Type                      Level
   a - Magic Dart                     Conjuration                  1
   b - Blink                          Translocation                2
   c - Call Imp                       Summoning                    2
   d - Slow                           Hexes                        2
   e - Conjure Flame                  Conjuration/Fire             3
   f - Mephitic Cloud                 Conjuration/Poison/Air       3
Comestibles
 f - a ration
 g - 4 chunks of flesh


   Skills:
 + Level 4.4 Fighting
 + Level 0.0 Short Blades
 + Level 0.0 Long Blades
 + Level 0.0 Axes
 + Level 0.0 Maces & Flails
 + Level 0.0 Polearms
 + Level 0.0 Staves
 + Level 0.0 Slings
 + Level 0.0 Bows
 + Level 0.0 Crossbows
 + Level 0.0 Throwing
 + Level 0.0 Armour
 + Level 2.3 Dodging
 + Level 2.1 Stealth
 + Level 0.0 Shields
 + Level 0.0 Unarmed Combat
 + Level 4.8 Spellcasting
 + Level 0.0 Conjurations
 + Level 1.9 Hexes
 + Level 0.0 Charms
 + Level 0.0 Summonings
 + Level 0.0 Necromancy
 + Level 0.0 Translocations
 + Level 0.0 Transmutations
 + Level 0.0 Fire Magic
 + Level 0.0 Ice Magic
 + Level 3.6 Air Magic
 + Level 0.0 Earth Magic
 + Level 0.0 Poison Magic
 + Level 0.1 Invocations
 + Level 2.3 Evocations


You had 9 spell levels left.
You didn't know any spells.

Dungeon Overview and Level Annotations

Branches:
Dungeon (1/15)

Altars:


Innate Abilities, Weirdness & Mutations

Your experience applies equally to all skills.
You have very sharp teeth.
Your uncanny sense of smell can sniff out nearby items.


Message History

The leopard gecko is lightly wounded.
The leopard gecko barely misses you.
Okay, then.
The leopard gecko bites you.
* * * LOW HITPOINT WARNING * * *
You aren't carrying any potions.
Unknown command.
You miss the leopard gecko.
The leopard gecko is lightly wounded.
The leopard gecko bites you.
* * * LOW HITPOINT WARNING * * *
You aren't carrying any potions.
Okay, then.
You hit the leopard gecko.
The leopard gecko is heavily wounded.
The leopard gecko closely misses you.
You miss the leopard gecko.
The leopard gecko is heavily wounded.
The leopard gecko closely misses you. The leopard gecko bites you.
You die...

... # ####### #.# #.
#.....# #.# #
##..####.###.# #.# .#
#....†...# #.######.# .#
#........###...##...###.###
#..#####.l@.....>..........
#. #######..........#
#....###.### #.#### #.# #..
#.## #.# #..### ... #....#
#. ##..## ###.#### ##.#


You could see a leopard gecko.

Vanquished Creatures
  A bat (D:1)
  A hobgoblin (D:1)
  A rat (D:1)
3 creatures vanquished.

Notes
Turn   | Place    | Note
-------+----------+-------------------------------------------
     0 | D:1      | teukkam the Gnoll Wanderer began the quest for the Orb.
     0 | D:1      | teukkam set off with: a book of Minor Magic, a scroll of teleportation, a +0 robe, a +0 dagger, a ration
     0 | D:1      | Reached XP level 1. HP: 20/20 MP: 6/6
    66 | D:1      | Slain by a leopard gecko

Vault maps used:
D:1:      dpeg_arrival_arbitrary_b

Action                   || total
-------------------------++-------
Melee: Dagger            ||    22
       Bite              ||     2
 Stab: Sleeping          ||     1
Armor: Robe              ||     3
Dodge: Dodged            ||    17

Table legend:
 A = Spawn XP
 B = Non-spawn XP
 C = Spawn XP percentage of total XP
 D = Spawn monster count
 E = Non-spawn monster count
 F = Spawn count percentage of total count
 G = Total turns spent on level
                    A         B        C        D         E        F      G
               +---------+---------+-------+---------+---------+-------+---------
         Total |       0 |       5 |   0.0 |       0 |       3 |   0.0 |    66
               +---------+---------+-------+---------+---------+-------+---------
           D:1 |       0 |       5 |   0.0 |       0 |       3 |   0.0 |    66
               +---------+---------+-------+---------+---------+-------+---------
